 Dungeon Crawl Stone Soup version 0.31-a0-841-g038b102fc3 (webtiles) character file.

Game seed: 7590874288792431315

20174 lunkers the Black Belt (level 13, 0/99 HPs)
             Began as a Meteoran Shapeshifter on Sept 26, 2023.
             Was an Elder of Hepliaklqana.
             Slain by Rupert
             ... wielding a +2 great mace of protection
              (27 damage)
             ... on level 5 of the Lair of Beasts on Sept 27, 2023.
             The game lasted 00:17:51 (5320 turns).

lunkers the Black Belt (Meteoran Shapeshifter)      Turns: 5320, Time: 00:17:52

Health: 0/99       AC: 21    Str: 16    XL:     13   Next: 39%
Magic:  16/16      EV: 14    Int: 13    God:    Hepliaklqana [****..]
Gold:   730        SH:  0    Dex: 18    Spells: 12/12 levels left

rFire   . .          .
                       - Unarmed
rCold   + + .        (shield currently unavailable)
rNeg    . . .        n - +7 Kryia's mail coat {PotionHeal*2 rC+}
rPois   .            (no helmet)
rElec   .            (no cloak)
rCorr   .            x - +0 pair of gloves
SInv    .            y - +1 pair of boots
Will    +....        (no amulet) Stlth
                     l - +4 ring of protection
HPRegen 0.36/turn    L - ring of protection from cold
MPRegen 0.15/turn

%: no passive effects
@: flux-form, hasted, glowing, very quick
A: glow, contaminating, reduced essence, sense surroundings 2, otherworldly,
glowing, explore regen
a: Begin Untransformation, Renounce Religion, Recall Ancestor, Ancestor
Identity, Transference, Idealise


You were on level 5 of the Lair of Beasts.
You worshipped Hepliaklqana.
Hepliaklqana was greatly pleased with you.
You were something dangerously unstable.
You visited 2 branches of the dungeon, and saw 13 of its levels.
You also visited: Bailey.

You collected 730 gold pieces.

Inventory:

Armour
 e - an orb of energy
 n - the +7 Kryia's mail coat (worn) {PotionHeal*2 rC+}
   (You acquired it in a bailey)

   PotionHeal*2: Potions heal its wearer twice as much.
   rC+:       It protects you from cold.
 r - a +1 ring mail of positive energy
 x - a +0 pair of gloves (worn)
 y - a +1 pair of boots (worn)
 F - the +1 buckler of Fashionability {Drain rPois Str-4 Stlth+}
   (You found it on level 7 of the Dungeon)

   Str-4:     It affects your strength (-4).
   rPois:     It protects you from poison Drain: It drains your maximum health
   when unequipped.
   Stlth+:    It makes you more stealthy.
 I - +0 steam dragon scales
 J - a +0 buckler
 M - +0 steam dragon scales
 P - a scarf of harm
Jewellery
 l - a +4 ring of protection (left hand)
 o - the ring of Hys Bamu {Fly rF- Str+2 Int+3 Dex+6}
   (You found it on level 3 of the Dungeon)

   [ring of dexterity]

   Str+2:     It affects your strength (+2).
   Int+3:     It affects your intelligence (+3).
   Dex+6:     It affects your dexterity (+6).
   rF-:       It makes you vulnerable to fire.
   Fly:       It grants you flight.
 D - a ring of magical power
 L - a ring of protection from cold (right hand)
 N - a +6 ring of intelligence
 O - a +6 ring of intelligence
Talismans
 c - a beast talisman
 d - a flux talisman (active)
 t - a talisman of death
Wands
 E - a wand of flame (20)
 G - a wand of charming (6)
 H - a wand of quicksilver (10)
 Q - a wand of roots (2)
Scrolls
 a - 7 scrolls of enchant armour
 h - 4 scrolls of enchant weapon
 i - 2 scrolls of immolation
 m - a scroll of fog
 p - 2 scrolls of blinking
 q - 2 scrolls of revelation
 v - 6 scrolls of teleportation
 C - a scroll of amnesia
 R - a scroll of identify
 S - a scroll of fear
 T - a scroll of vulnerability
Potions
 b - 3 potions of lignification
 f - 2 potions of heal wounds
 g - 6 potions of curing
 j - 3 potions of haste
 k - a potion of attraction
 s - 2 potions of might {unknown}
 u - 4 potions of mutation
 w - 2 potions of cancellation
 z - 3 potions of magic
 A - 2 potions of brilliance
 B - a potion of resistance {unknown}
 K - a potion of invisibility {unknown}


   Skills:
 + Level 9.0 Fighting
 + Level 4.4 Armour
 + Level 9.1 Dodging
 * Level 17.7 Unarmed Combat
 + Level 3.8 Invocations
 + Level 10.6 Shapeshifting


You had 12 spell levels left.
You didn't know any spells.
Your spell library contained the following spells:

 Spells                   Type           Power      Damage    Failure   Level
 Lesser Beckoning         Tloc           0%         N/A       83%         2
 Wereblood                Tmut           0%         N/A       83%         2
 Gell's Gravitas          Tloc           0%         N/A       97%         3
 Teleport Other           Tloc           0%         N/A       97%         3
 Irradiate                Conj/Tmut      0%         3d11      100%        5
 Simulacrum               Ice/Necr       0%         N/A       100%        6
 Ozocubu's Refrigeration  Ice            0%         4d7       100%        7
 Polar Vortex             Ice            0%         N/A       100%        9


Dungeon Overview and Level Annotations

Branches:
Dungeon (8/15) Zot: 937    Temple (0/1) D:7            Lair (5/5) D:8 Zot: 2002
 Shoals (0/4) Lair:2        Slime (0/5) Lair:5       Bailey (visited)
  Snake: Lair:2-3    Spider: Lair:2-3

Altars:
Fedhas
Hepliaklqana
Kikubaaqudgha
Qazlal
Sif Muna
Uskayaw
Vehumet
The Shining One
Jiyva

Shops:
D:2 :   D:7 :   D:8 *!:(

Annotations:
Lair:5 Rupert


Innate Abilities, Weirdness & Mutations

You are something dangerously unstable.
You glow with magical radiation, making you easy to see and hit.
Foes you strike become dangerously contaminated with magical radiation.
You are incapable of wielding weapons or throwing items.
Your life essence is reduced to manifest your ancestor. (-10% HP)
You passively map the area around you.
You are easily found by Zot.
You glow in the dark.
You regain HP and MP as you explore.


Message History

The dream sheep bites you but does no damage.
The dream sheep shake their wool and sparkle.
You feel drowsy...
You fall asleep.
You wake up.
You punch Rupert!
Rupert shudders as magic cascades through him!!!
Rupert twists and deforms.
Rupert is moderately wounded.
Rupert closely misses you.
Unknown command.
You hit Rupert but do no damage.
Rupert begins to glow.
Rupert is moderately wounded.
The dream sheep bites you. x2
* * * LOW HITPOINT WARNING * * *
You hit Rupert.
Rupert glows dangerously bright.
Rupert is moderately wounded.
Rupert hits you with a +2 great mace of protection!!
* * * LOW HITPOINT WARNING * * *
You punch Rupert!
Rupert shudders as magic cascades through him!
Rupert twists and deforms.
Rupert is heavily wounded.
The dream sheep bites you but does no damage. x2
Rupert hits you but does no damage.
Unknown command.
You punch Rupert!
Rupert begins to glow.
Rupert is heavily wounded.
Unknown command.
You pummel Rupert!!
Rupert glows dangerously bright.
Rupert is severely wounded.
Rupert hits you but does no damage.
Unknown command.
You barely miss Rupert.
Rupert is severely wounded.
The dream sheep bites you!
* * * LOW HITPOINT WARNING * * *
The dream sheep bites you but does no damage.
Rupert hits you with a +2 great mace of protection!!
You die...
Rupert roars with triumph.

♣..........♣♣♣.♣♣ ♣♣........
*
♣#..........♣♣♣♣♣♣♣..P......,
#.#...........♣.....#....#. ,
♣...................#.#....#
,
*♣.....P.P...........#.......
* ...PPPP.P.......§.........P
,
,...............§§≈≈..~~~~..
,* ,...........≈≈§§.<~~≈~..
** , ......@p...§≈#≈..~~≈≈.
,* ..#.#.YY##<§§≈≈..≈≈~~ ,
#........§§......., , *
##...####P.#..#... , * .....#
####P##., , * , ......# ## ,
, ,.......P, * * ........ *
** * , ,,*, , ** ,* *


You could see Rupert (berserk, heavy contam, misshapen) and 2 dream sheep.

Vanquished Creatures
  A hydra (Lair:4)
  A fire crab (Lair:3)
  A skyshark (Lair:2)
  2 orc knights (Bailey)
  A black mamba (Lair:2)
  Maggie (D:7)
  A cane toad (Lair:4)
  A rime drake (Lair:2)
  3 komodo dragons
  A meliai (D:8)
  A polar bear (Lair:5)
  A dream sheep (Lair:5)
  3 blink frogs
  21 yaks
  2 wyverns
  A basilisk (Lair:2)
  A steam dragon (D:8)
  6 water moccasins
  5 orc warriors (Bailey)
  2 black bears
  An ogre (D:4)
  14 wolves
  2 centaurs
  A gnoll sergeant (D:8)
  4 bullfrogs
  2 scorpions (D:4)
  5 wights
  4 killer bees (D:6)
  A howler monkey (D:8)
  A hound (D:6)
  3 jellies
  A sleepcap (D:8)
  2 orc wizards
  5 gnolls
  3 adders
  A shadow imp (D:5)
  A white imp (D:4)
  5 worms
  2 dart slugs
  27 orcs
  8 ball pythons
  2 endoplasms
  A giant cockroach (D:1)
  3 hobgoblins
  3 jackals (D:1)
  2 quokkas
  2 bats (D:1)
  2 frilled lizards
  3 goblins
  3 kobolds
170 creatures vanquished.

Vanquished Creatures (collateral kills)
  A hydra (Lair:4)
  A harpy (shapeshifter) (D:8)
  A rime drake (Lair:3)
  2 komodo dragons
  A hornet (D:8)
  A dream sheep (Lair:5)
  3 blink frogs
  3 yaks
  2 water moccasins
  An ice beast (D:6)
  An orc warrior (Bailey)
  5 wolves
  2 centaurs (Lair:2)
  2 bullfrogs
  2 wights
  2 killer bees (D:6)
  An electric eel (D:7)
  2 orc priests (D:6)
  A gnoll bouda (D:6)
  A sleepcap (D:4)
  3 orc wizards
  An adder (D:6)
  3 gnolls (D:6)
  A shadow imp (D:7)
  A white imp (D:8)
  An ufetubus (D:4)
  A worm (D:5)
  A dart slug (D:4)
  25 orcs
  A bat (D:3)
  An endoplasm (D:4)
  2 giant cockroaches (D:4)
  2 goblins
  A hobgoblin (D:4)
  A quokka (D:4)
  2 kobolds (D:4)
  A rat (D:3)
83 creatures vanquished.

Vanquished Creatures (others)
  6 battlemagi
6 creatures vanquished.

Grand Total: 259 creatures vanquished

Notes
Turn   | Place    | Note
-------+----------+-------------------------------------------
     0 | D:1      | lunkers the Meteoran Shapeshifter began the quest for the
                  | Orb.
     0 | D:1      | Reached XP level 1. HP: 16/16 MP: 2/2
    32 | D:1      | Reached XP level 2. HP: 19/23 MP: 3/3
    33 | D:1      | Reached skill level 4 in Unarmed Combat
   157 | D:1      | Reached XP level 3. HP: 28/28 MP: 4/4
   362 | D:1      | Found a faded altar of an unknown god.
   366 | D:1      | Prayed at the altar of an unknown god.
   366 | D:1      | Became a worshipper of Hepliaklqana the Forgotten
   366 | D:1      | Reached * piety under Hepliaklqana
   441 | D:2      | Found Ithrerghi's Book Boutique.
   591 | D:2      | Upgraded the game from 0.31-a0-836-g3ceb0a68c4 to
                  | 0.31-a0-841-g038b102fc3
   624 | D:3      | Identified the ring of Hys Bamu {Fly rF- Str+2 Int+3 Dex+6}
   877 | D:3      | Reached XP level 4. HP: 31/31 MP: 5/5
   911 | D:4      | Reached skill level 5 in Unarmed Combat
   913 | D:4      | Reached XP level 5. HP: 24/36 MP: 6/6
   933 | D:4      | Reached ** piety under Hepliaklqana
   942 | D:4      | Remembered your ancestor Illuratum as a battlemage
   976 | D:4      | Found a glowing golden altar of the Shining One.
   980 | D:4      | Noticed an ogre
   988 | D:4      | Reached skill level 6 in Unarmed Combat
   994 | D:4      | HP: 1/36 [ogre/+0 giant spiked club (14)]
   997 | D:4      | Killed an ogre
   998 | D:4      | Reached skill level 5 in Shapeshifting
   998 | D:4      | Reached XP level 6. HP: 2/42 MP: 7/7
  1091 | D:4      | Reached skill level 7 in Unarmed Combat
  1173 | D:4      | Reached XP level 7. HP: 35/46 MP: 8/8
  1373 | D:5      | Entered Level 5 of the Dungeon
  1625 | D:5      | Reached skill level 8 in Unarmed Combat
  2087 | D:5      | Found an ancient bone altar of Kikubaaqudgha.
  2169 | D:6      | Reached XP level 8. HP: 47/53 MP: 9/9
  2174 | D:6      | Reached skill level 9 in Unarmed Combat
  2178 | D:6      | Reached *** piety under Hepliaklqana
  2482 | D:6      | Reached skill level 10 in Unarmed Combat
  2489 | D:6      | Found a hide-covered altar of Uskayaw.
  2519 | D:6      | Gained mutation: You passively map the area around you.
                  | [Meteoran growth]
  2519 | D:6      | Reached XP level 9. HP: 50/57 MP: 10/10
  2938 | D:7      | Found a radiant altar of Vehumet.
  2954 | D:7      | Reached skill level 11 in Unarmed Combat
  3017 | D:7      | Identified the +1 buckler of Fashionability {Drain rPois
                  | Str-4 Stlth+}
  3109 | D:7      | Found a staircase to the Ecumenical Temple.
  3122 | D:7      | Found Usumorih's Book Emporium.
  3141 | D:7      | Found a flagged portal.
  3164 | D:7      | Noticed Maggie
  3176 | D:7      | Killed Maggie
  3232 | Bailey   | Entered a bailey
  3255 | Bailey   | Identified a scroll of acquirement
  3255 | Bailey   | Acquired the +7 Kryia's mail coat {PotionHeal*2 rC+}
  3255 | Bailey   | Found the +7 Kryia's mail coat {PotionHeal*2 rC+}
  3302 | Bailey   | Reached skill level 12 in Unarmed Combat
  3435 | Bailey   | Noticed an orc knight
  3435 | Bailey   | Noticed an orc knight
  3454 | Bailey   | Reached skill level 15 in Unarmed Combat
  3454 | Bailey   | Reached XP level 10. HP: 75/75 MP: 11/11
  3461 | Bailey   | Killed an orc knight
  3462 | Bailey   | Reached XP level 11. HP: 45/81 MP: 12/12
  3473 | Bailey   | Killed an orc knight
  3725 | D:7      | Found a blossoming altar of Fedhas.
  3745 | D:7      | Found a shimmering blue altar of Sif Muna.
  3811 | D:8      | Found a stormy altar of Qazlal.
  3850 | D:8      | Found Fippuam's Distillery.
  3871 | D:8      | Reached **** piety under Hepliaklqana
  4008 | D:8      | Noticed a harpy
  4010 | D:8      | Killed a harpy
  4056 | D:8      | Found Veibauh's Overcharged Wands.
  4205 | D:8      | Found Cufruah's Antique Weapon Boutique.
  4227 | D:8      | Found a staircase to the Lair.
  4230 | D:8      | Found Iseynid's Book Emporium.
  4259 | Lair:1   | Entered Level 1 of the Lair of Beasts
  4280 | Lair:1   | Reached skill level 16 in Unarmed Combat
  4405 | Lair:2   | Noticed a skyshark
  4406 | Lair:2   | Noticed a black mamba
  4416 | Lair:2   | Killed a skyshark
  4417 | Lair:2   | Reached XP level 12. HP: 88/90 MP: 13/13
  4437 | Lair:2   | Found a staircase to the Shoals.
  4587 | Lair:2   | Reached skill level 1 in Armour
  4729 | Lair:3   | Noticed a fire crab
  4742 | Lair:3   | Killed a fire crab
  4743 | Lair:3   | Reached skill level 17 in Unarmed Combat
  4743 | Lair:3   | Reached skill level 10 in Shapeshifting
  4768 | Lair:4   | Noticed a six-headed hydra
  4774 | Lair:4   | Killed a six-headed hydra
  4775 | Lair:4   | Reached skill level 1 in Invocations
  4857 | Lair:4   | Reached XP level 13. HP: 97/97 MP: 15/15
  4882 | Lair:4   | Noticed a six-headed hydra
  4890 | Lair:4   | Killed a six-headed hydra
  5011 | Lair:5   | Entered Level 5 of the Lair of Beasts
  5196 | Lair:5   | Found a viscous altar of Jiyva.
  5197 | Lair:5   | Found a staircase to the Slime Pits.
  5203 | Lair:5   | Found a hazy altar of Hepliaklqana.
  5300 | Lair:5   | Noticed Rupert
  5320 | Lair:5   | Slain by Rupert

Illustrated notes

Levels and vault maps discovered:
D:1:      dpeg_arrival_windows_large_door, layout_rooms,
          nicolae_ecumenical_lake_church, minmay_crystal_water, minivault_26,
          minivault_5
D:2:      layout_basic, serial_shops, shop
D:3:      layout_rooms
D:4:      layout_rooms, minmay_ruined_shrine
D:5:      layout_loops_ring, mainiacjoe_overflow_alcove_2, nicolae_wormholes
D:6:      layout_loops_corners, nicolae_uskayaw_suspiria,
          minmay_manual_mandibuliform
D:7:      layout_loops_corners, nicolae_overflow_squiral, vehumet_altar_wand_db,
          minmay_temple_entry_glassed_door, enter_bailey_8, serial_shops, shop,
          uniq_maggie
D:8:      minmay_opposing_rooms, layout_loops_ring, mainiacjoe_overflow_paths,
          overflow_temple_1_default, lair_entry_dummy, serial_shops, shop,
          nicolae_shop_hallway_plus, nicolae_inconvenience_store, shop,
          nicolae_shop_advertising_works [nicolae_subvault_shop_adworks],
          corexii_hall_statues_l, nicolae_shop_overcharged_wands, uniq_psyche
Lair:1:   layout_long_grid
Lair:2:   layout_chaotic_city, minmay_shoals_entry_centaurs
Lair:3:   layout_regular_city, guppyfry_snake_entry_garden,
          bobbens_dragon_lair_wall, grunt_megastairs_5
Lair:4:   layout_regular_city, grunt_megastairs_4, serial_bayou_shore_b,
          lemuel_fruit_tree
Lair:5:   hellmonk_lair_end_abyssal_woods, layout_gridlike, slime_entry_1,
          basic_altar, chequers_serial_rivers_large_b,
          pdpol_lair_cabin_in_the_woods, serial_bayou_shore_b, uniq_rupert

Skill      XL: |  1  2  3  4  5  6  7  8  9 10 11 12 13 |
---------------+----------------------------------------+-----
Unarmed Combat | 4 5 6 7 8 10 15 16 17 | 17.7
Shapeshifting  | 4 5 6 7 8 9 10 | 10.6
Fighting       | 6 7 8 9 |  9.0
Dodging        | 6 7 8 9 |  9.1
Armour         | 3 4 |  4.4
Invocations    | 2 3 |  3.8

Action                     |  1- 3 |  4- 6 |  7- 9 | 10-12 | 13-15 || total
---------------------------+-------+-------+-------+-------+-------++-------
  Melee: Unarmed           |    67 |    43 |   161 |   262 |    94 ||   627
         Punch             |       |     2 |     2 |     2 |       ||     6
 Invoke: Ancestor Life: Ba |       |     1 |       |       |       ||     1
  Evoke: Wand              |       |       |     3 |     1 |       ||     4
    Use: Scroll            |       |       |    20 |       |       ||    20
         Potion            |       |       |     1 |     1 |     1 ||     3
   Stab: Distracted        |       |     1 |     4 |     2 |     1 ||     8
 Armour: Animal skin       |    23 |       |       |       |       ||    23
         Ring mail         |     4 |    22 |   102 |       |       ||   128
         Scale mail        |       |       |     8 |   203 |    73 ||   284
  Dodge: Dodged            |    51 |    22 |   111 |   172 |    62 ||   418
   Form: Flux              |       |       |       |     1 |       ||     1

Table legend: (Time is in decaauts)
 A = Elapsed time spent in this place.
 B = Non-inter-level travel time spent in this place.
 C = Inter-level travel time spent in this place.
 D = Time resting spent in this place.
 E = Time spent auto-exploring this place.
 F = Levels seen in this place.
 G = Mean time per level.
                   A        B        C        D        E       F      G
               +--------+--------+--------+--------+--------+-----+--------+
         Total |   5203 |   5116 |     87 |      0 |   3216 |  14 |  371.6 |
       Dungeon |   3862 |   3775 |     87 |      0 |   2683 |   8 |  482.8 |
          Lair |    996 |    996 |      0 |      0 |    417 |   5 |  199.2 |
        Bailey |    344 |    344 |      0 |      0 |    116 |   1 |  344.0 |
               +--------+--------+--------+--------+--------+-----+--------+

Top non-repeatable levels by time:
     D:5: 784 daAuts
     D:6: 693 daAuts
     D:7: 584 daAuts
     D:4: 468 daAuts
     D:8: 439 daAuts
     D:1: 400 daAuts
  Bailey: 344 daAuts
  Lair:5: 314 daAuts
  Lair:2: 301 daAuts
     D:3: 279 daAuts
  Lair:4: 230 daAuts
     D:2: 212 daAuts
  Lair:1: 122 daAuts
  Lair:3: 27 daAuts
